 Dungeon Crawl Stone Soup version 0.20-a0-317-gc038824 (webtiles) character file.

2240 Eviona the Grappler (level 9, -9/70 HPs)
             Began as a Red Draconian Monk on Dec 20, 2016.
             Killed from afar by Eviona's ghost (23 damage)
             ... with a bolt of negative energy
             ... on level 7 of the Dungeon.
             The game lasted 00:14:35 (8357 turns).

Eviona the Grappler (Red Draconian Monk)            Turns: 8357, Time: 00:14:35

Health: -9/70      AC: 10    Str: 14    XL:     9   Next: 14%
Magic:  9/9        EV: 11    Int: 14    God:
Gold:   386        SH:  0    Dex: 13    Spells: 3/8 levels left

rFire  + . .     SeeInvis .       - Unarmed
rCold  . . .     Gourm    .     (armour unavailable)
rNeg   . . .     Faith    .     (no shield)
rPois  .         Spirit   .     (helmet restricted)
rElec  .         Reflect  .     t - +1 cloak
rCorr  .         Harm     .     i - +0 pair of gloves
MR     .....                    (no boots)
Stlth  +.........               (no amulet)
                                (no ring)
                                (no ring)

@: very heavily drained
A: breathe fire, unfitting armour, fire resistance 1, cold-blooded, AC +7
a: Breathe Fire


You were on level 7 of the Dungeon.
You were hungry.

You visited 2 branches of the dungeon, and saw 8 of its levels.

You collected 386 gold pieces.

Inventory:

Missiles
 j - 250 stones (quivered)
Armour
 i - a +0 pair of gloves (worn)
 k - a +0 buckler
 t - a +1 cloak (worn)
Jewellery
 r - an uncursed amulet of magic regeneration {unknown}
 s - a cursed ring of loudness {unknown}
 D - an uncursed amulet of harm {unknown}
Wands
 J - a wand of flame (34/48)
Scrolls
 c - a scroll of amnesia {unknown}
 d - a scroll of immolation
 g - a scroll of magic mapping
 h - a scroll of random uselessness
 m - 2 scrolls of remove curse
 p - a scroll of enchant armour
 q - 2 scrolls of fog
 y - 2 scrolls of identify
 F - a scroll of vulnerability {unknown}
 H - a scroll of holy word {unknown}
 L - a scroll of fear
 N - a scroll of enchant weapon {unknown}
Potions
 b - 2 potions of degeneration
 e - 2 potions of berserk rage
 l - a potion of brilliance {unknown}
 o - 4 potions of curing
 v - a potion of heal wounds {unknown}
 x - a potion of might {unknown}
 z - a potion of haste {unknown}
 A - a potion of lignification {unknown}
 B - a potion of agility {unknown}
 E - a potion of flight {unknown}
 G - 2 potions of mutation {unknown}
 M - a potion of ambrosia {unknown}
 O - a potion of cure mutation {unknown}
Books
 w - a book of Minor Magic

   Spells                             Type                      Level
   a - Magic Dart                     Conjuration                  1
   b - Blink                          Translocation                2
   c - Call Imp                       Summoning                    2
   d - Repel Missiles                 Charms/Air                   2
   e - Slow                           Hexes                        2
   f - Conjure Flame                  Conjuration/Fire             3
   g - Mephitic Cloud                 Conjuration/Poison/Air       3
 I - a book of Callings

   Spells                             Type                      Level
   a - Summon Small Mammal            Summoning                    1
   b - Call Imp                       Summoning                    2
   c - Call Canine Familiar           Summoning                    3
   d - Summon Guardian Golem          Hexes/Summoning              3
   e - Summon Lightning Spire         Summoning/Air                4
   f - Summon Ice Beast               Ice/Summoning                4
Comestibles
 a - 7 bread rations
 f - 5 beef jerkies
 n - 2 slices of pizza
 u - a fruit
 C - a meat ration


   Skills:
 + Level 3.6(0.6) Fighting
 - Level 2.6(0.0) Dodging
 - Level 1.7(0.0) Stealth
 - Level 12.2(8.4) Unarmed Combat


You had 3 spell levels left.
You knew the following spells:

 Your Spells              Type           Power        Failure   Level  Hunger
a - Magic Dart            Conj           #...         30%         1    ##.....
b - Blink                 Tloc           N/A          43%         2    ###....
c - Repel Missiles        Chrm/Air       #.....       43%         2    ###....


Dungeon Overview and Level Annotations

Branches:
Dungeon (7/15)             Temple (1/1) D:6

Altars:
Dithmenos
Elyvilon
Fedhas
Gozag
Hepliaklqana
Kikubaaqudgha
Makhleb
Nemelex Xobeh
Okawaru
Qazlal
Ru
Trog
Uskayaw
Vehumet
Xom
Yredelemnul
Zin
The Shining One

Shops:
D:5 *

Annotations:
D:7 Eviona's ghost, novice DrTm


Innate Abilities, Weirdness & Mutations

You can breathe blasts of fire.
Your fiery red scales are hard. (AC +7)
You cannot fit into any form of body armour.
Your flesh is heat resistant. (rF+)
You are cold-blooded and may be slowed by cold attacks.


Message History

Okay, then.
Casting: Magic Dart
Confirm with . or Enter, or press ? or * to list all spells.
You blink.
Eviona's ghost breathes negative energy at you.
The bolt of negative energy hits you!
You feel drained.
Eviona's ghost breathes negative energy at you.
The bolt of negative energy hits you!
You feel drained.
Ouch! That really hurt!
* * * LOW HITPOINT WARNING * * *
Eviona's ghost shouts, "I was like you once."
Eviona's ghost breathes negative energy at you.
The bolt of negative energy misses you.
Casting: Blink
Confirm with . or Enter, or press ? or * to list all spells.
Okay, then.
There is a stone staircase leading up here.
Eviona's ghost breathes negative energy at you.
The bolt of negative energy hits you!
You feel drained.
You die...

#...##.######
#......#.....
##....#.#.####
#..%..#.#.# ###
#####.#####.#.#
...#.....#
#.....#
#.#.#.#####.#.###
#...#).W......#
#.###@..#####.###
#.......).....#
########.#....#
.#....# #......#
#.#.#... #......#
##.###.. .. ###


You could see Eviona's ghost.

Vanquished Creatures
  2 steam dragons
  A black bear (D:7)
  A sky beast (D:7)
  An ice beast (D:6)
  3 ogres
  4 centaurs
  A bullfrog (D:6)
  A scorpion (D:7)
  2 water moccasin skeletons
  2 howler monkeys (D:6)
  2 crimson imps
  4 hounds
  2 jellies
  7 orc priests
  4 orc wizards
  3 worker ants
  8 adders
  A gnoll (D:5)
  An adder skeleton (D:5)
  2 worms
  A dart slug (D:1)
  2 leopard geckos
  22 orcs
  5 giant cockroaches
  7 goblins
  5 hobgoblins
  14 jackals
  4 quokkas
  A ball python (D:4)
  7 bats
  6 frilled lizards
  7 kobolds
  A leopard gecko skeleton (D:4)
  A quokka zombie (D:3)
  6 rats
141 creatures vanquished.

Notes
Turn   | Place    | Note
-------+----------+-------------------------------------------
     0 | D:1      | Eviona the Draconian Monk began the quest for the Orb.
     0 | D:1      | Reached XP level 1. HP: 19/19 MP: 1/1
   327 | D:1      | Reached XP level 2. HP: 26/26 MP: 2/2
   662 | D:2      | Reached skill level 4 in Unarmed Combat
   921 | D:2      | Reached XP level 3. HP: 21/31 MP: 3/3
  1721 | D:2      | Found an ancient bone altar of Kikubaaqudgha.
  1943 | D:3      | Reached XP level 4. HP: 38/38 MP: 4/4
  1965 | D:3      | Reached skill level 5 in Unarmed Combat
  2127 | D:3      | Found a bloodstained altar of Trog.
  2436 | D:3      | Reached XP level 5. HP: 40/45 MP: 5/5
  2720 | D:3      | Reached skill level 6 in Unarmed Combat
  2933 | D:4      | Found a sparkling altar of Nemelex Xobeh.
  2992 | D:4      | Reached XP level 6. HP: 28/51 MP: 6/6
  3353 | D:4      | Found a hide-covered altar of Uskayaw.
  3469 | D:5      | Entered Level 5 of the Dungeon
  3524 | D:4      | Reached skill level 7 in Unarmed Combat
  3582 | D:3      | HP: 2/51 [poisoned by a worker ant]
  3931 | D:5      | Found Zin's Purification Station.
  3934 | D:5      | Found a glowing silver altar of Zin.
  4213 | D:5      | Reached skill level 8 in Unarmed Combat
  4213 | D:5      | Your scales start taking on a fiery red colour.
  4213 | D:5      | Reached XP level 7. HP: 37/57 MP: 7/7
  4213 | D:5      | Gained mutation: Your flesh is heat resistant. (rF+) [Red Draconian growth]
  4752 | D:5      | Found an iron altar of Okawaru.
  4766 | D:5      | Reached skill level 9 in Unarmed Combat
  4784 | D:5      | Learned a level 2 spell: Blink
  4787 | D:5      | Learned a level 2 spell: Repel Missiles
  4789 | D:5      | Learned a level 1 spell: Magic Dart
  5535 | D:6      | Reached XP level 8. HP: 57/63 MP: 8/8
  5597 | D:6      | Found a staircase to the Ecumenical Temple.
  5606 | Temple   | Entered the Ecumenical Temple
  5881 | D:6      | Reached skill level 10 in Unarmed Combat
  5982 | D:6      | Found a white marble altar of Elyvilon.
  6028 | D:6      | Found a stormy altar of Qazlal.
  6270 | D:6      | Found a bloodstained altar of Trog.
  6736 | D:7      | Noticed Eviona's ghost (novice DrTm)
  6847 | D:6      | Reached skill level 11 in Unarmed Combat
  7707 | D:7      | Reached skill level 12 in Unarmed Combat
  7707 | D:7      | Reached XP level 9. HP: 56/70 MP: 9/9
  7776 | D:7      | Found a glowing golden altar of the Shining One.
  8357 | D:7      | Killed from afar by Eviona's ghost

Vault maps used:
D:1:      lemuel_arrival_muddy, kennysheep_crisscross
D:2:      lemuel_coloured_pillars_altar
D:3:      trog_three_pillars_becter
D:4:      nemelex_xobeh_ov_fountains_minmay, lemuel_doored_altar, first_bread
D:5:      zin_purify, okawaru_altar_gauntlet_db, eino_tiny_chamber
D:6:      kennysheep_steamy, nicolae_overflow_hidden_temple
D:7:      tso_altar
Temple:   dpeg_three_leaves_temple

Skill      XL: |  1  2  3  4  5  6  7  8 |
---------------+-------------------------+-----
Unarmed Combat | 4 5 6 8 9 12 | 12.2
Fighting       | |  3.6
Dodging        | |  2.6
Stealth        | |  1.7

Action                   |  1- 3 |  4- 6 |  7- 9 || total
-------------------------+-------+-------+-------++-------
Melee: Unarmed           |   110 |   202 |   212 ||   524
       Tailslap          |     5 |    24 |    22 ||    51
       Punch             |     2 |     5 |    12 ||    19
Throw: Stone             |       |       |     2 ||     2
 Cast: Magic Dart        |       |       |     2 ||     2
       Blink             |       |       |     1 ||     1
 Abil: Breathe Fire      |       |       |    14 ||    14
  Use: Scroll            |       |    12 |       ||    12
 Stab: Sleeping          |     3 |     3 |     1 ||     7
       Distracted        |       |       |     1 ||     1
  Eat: Chunk             |     3 |     6 |    17 ||    26
Armor: Skin              |    39 |    92 |    58 ||   189
Dodge: Dodged            |    75 |   175 |   132 ||   382
Block: Buckler           |     1 |       |       ||     1
